 Dungeon Crawl Stone Soup version 0.18-a0-1637-g109f206 (webtiles) character file.

2233 dohliylev the Covert (level 9, -11/63 HPs)
             Began as a Vampire Assassin on Mar 26, 2016.
             Was a Follower of Dithmenos.
             Killed from afar by a hell hound (15 damage)
             ... with a blast of flame
             ... on level 8 of the Dungeon.
             The game lasted 01:47:53 (6823 turns).

dohliylev the Covert (Vampire Assassin)             Turns: 6823, Time: 01:47:54

Health: -11/63     AC:  4    Str: 10    XL:     9   Next: 14%
Magic:  13/13      EV: 17    Int: 14    God:    Dithmenos [*.....]
Gold:   487        SH:  0    Dex: 18    Spells: 0 memorised, 13 levels left

rFire  . . .     SeeInvis +     a - +2 dagger (venom)
rCold  . . .     Gourm    .     c - +0 robe
rNeg   + . .     Faith    .     (no shield)
rPois  .         Spirit   .     (no helmet)
rElec  .         Dismiss  .     v - +1 cloak
rCorr  +         Reflect  .     (no gloves)
SustAt .         Harm     .     (no boots)
MR     .....                    H - amulet of regeneration
Stlth  ++++++++..               G - ring of resist corrosion
                                m - +1 ring of evasion

@: wreathed by umbra, not resistant to hostile enchantments, extraordinarily
stealthy
A: fangs 3, see invisible, unbreathing
a: Bat Form, Renounce Religion


You were on level 8 of the Dungeon.
You worshipped Dithmenos.
Dithmenos was aware of your devotion.
You were not thirsty.

You visited 2 branches of the dungeon, and saw 9 of its levels.

You collected 487 gold pieces.

Inventory:

Hand Weapons
 a - a +2 dagger of venom (weapon)
 b - a +0 blowgun
Missiles
 f - 2 curare-tipped needles
 o - 54 poisoned needles
 M - a throwing net (quivered)
 S - 2 poisoned tomahawks
Armour
 c - a +0 robe (worn)
 v - a +1 cloak (worn)
Rods
 P - a -1 rod of shadows (12/12)
   (You found it on level 7 of the Dungeon)
Jewellery
 m - a +1 ring of evasion (left hand)
 t - an uncursed ring of flight
 G - a ring of resist corrosion (right hand)
 H - an amulet of regeneration (around neck)
Wands
 K - a wand of digging (14/24)
 T - a wand of disintegration (8/24)
Scrolls
 e - a scroll of fog {unknown}
 i - 2 scrolls of magic mapping
 j - 2 scrolls of teleportation
 l - 10 scrolls of identify
 n - 2 scrolls of enchant armour
 q - a scroll of recharging {unknown}
 u - 2 scrolls of immolation {unknown}
 w - 4 scrolls of remove curse
 y - a scroll of random uselessness {unknown}
 z - a scroll of amnesia {unknown}
 B - 2 scrolls of enchant weapon {unknown}
 C - a scroll of noise {unknown}
 E - a scroll of fear {unknown}
 L - a scroll of blinking {unknown}
Potions
 d - 2 potions of ambrosia {unknown}
 g - 15 potions of blood
 h - 3 potions of degeneration {unknown}
 k - 2 potions of invisibility {unknown}
 p - 3 potions of might {unknown}
 r - a potion of agility {unknown}
 s - 4 potions of heal wounds {unknown}
 x - 2 potions of mutation {unknown}
 A - 3 potions of resistance {unknown}
 D - a potion of haste {unknown}
 F - 2 potions of magic {unknown}
 I - a potion of experience {unknown}
 J - a potion of cancellation {unknown}
 O - a potion of beneficial mutation {unknown}
Books
 N - a book of Callings

   Spells                             Type                      Level
   a - Summon Small Mammal            Summoning                    1
   b - Call Imp                       Summoning                    2
   c - Call Canine Familiar           Summoning                    3
   d - Summon Guardian Golem          Hexes/Summoning              3
   e - Summon Lightning Spire         Summoning/Air                4
   f - Summon Ice Beast               Ice/Summoning                4
 Q - a book of Beasts

   Spells                             Type                      Level
   a - Summon Butterflies             Summoning                    1
   b - Call Canine Familiar           Summoning                    3
   c - Summon Ice Beast               Ice/Summoning                4
   d - Summon Mana Viper              Hexes/Summoning              5
   e - Summon Hydra                   Summoning                    7


   Skills:
 + Level 3.1 Fighting
 + Level 5.0 Short Blades
 + Level 1.8 Throwing
 + Level 6.2 Dodging
 + Level 14.1 Stealth
 * Level 2.8 Spellcasting


You had 13 spell levels left.
You didn't know any spells.

Dungeon Overview and Level Annotations

Branches:
Dungeon (8/15)             Temple (1/1) D:4            Lair (0/8) D:8

Altars:
Ashenzari
Cheibriados
Dithmenos
Elyvilon
Fedhas
Gozag
Makhleb
Nemelex Xobeh
Okawaru
Pakellas
Qazlal
Ru
Sif Muna
Trog
Vehumet
Xom
Yredelemnul
Zin
The Shining One

Shops:
D:3 }   D:7 }


Innate Abilities, Weirdness & Mutations

You have razor-sharp teeth.
You have supernaturally acute eyesight.
You can survive without breathing.


Message History

You closely miss the hell hound.
The hell hound is moderately wounded.
The hell hound closely misses you.
You hit the hell hound but do no damage.
The hell hound is heavily wounded.
The hell hound breathes flames at you. The blast of flame hits you!
You closely miss the hell hound.
The hell hound is heavily wounded.
The hell hound bites you!
You hit the hell hound but do no damage.
The hell hound is heavily wounded.
The hell hound breathes flames at you. The blast of flame hits you!
* * * LOW HITPOINT WARNING * * *
The hell hound bites you but does no damage.
The hell hound completely misses you. The hell hound breathes flames at you.
The blast of flame hits you!
You die...

#...##....###...#......##'###
#...##....###...##...........
#................+...........
#................#...........
#................#...........
#..........##....#...........
#...#########....#...........
#...##.....##h...#...........
#...........@.)..######......
#...........#........ #......
#..........##....##...###'###
#...##.....##....# ..#....#
#...##.....##.....# .#....#
#...##......#.....# #....#
#...........#.....# #....#
#..........####+##########'##
#...##.....#.................


You could see a hell hound.

Vanquished Creatures
  A spriggan (D:7)
  Edmund (D:6)
  A water moccasin (D:6)
  A hell hound (D:8)
  A sky beast (D:8)
  A necrophage (D:7)
  A phantom (D:7)
  An ogre (D:4)
  2 centaurs
  A big kobold (D:7)
  3 giant frogs
  A wyvern zombie (D:8)
  3 scorpions
  A howler monkey (D:7)
  4 crimson imps
  An orc priest (D:5)
  3 hounds
  2 orc wizards
  7 worker ants
  Jessica (D:2)
  A howler monkey zombie (D:7)
  4 gnolls (D:2)
  8 adders
  An ooze (D:2)
  3 worms
  6 giant geckos
  8 orcs
  7 giant cockroaches
  2 hobgoblins
  4 jackals (D:7)
  2 quokkas
  3 ball pythons
  12 bats
  2 giant gecko skeletons
  A giant gecko zombie (D:8)
  3 giant newts
  5 goblins
  2 jackal zombies
  15 kobolds
  6 rats
132 creatures vanquished.

Notes
Turn   | Place    | Note
--------------------------------------------------------------
     0 | D:1      | dohliylev the Vampire Assassin began the quest for the Orb.
     0 | D:1      | Reached XP level 1. HP: 16/16 MP: 1/1
    71 | D:1      | Reached skill level 6 in Stealth
   185 | D:1      | Reached XP level 2. HP: 22/22 MP: 2/2
   709 | D:2      | Reached skill level 7 in Stealth
   747 | D:2      | Reached XP level 3. HP: 18/27 MP: 3/3
  1107 | D:2      | Noticed Jessica
  1202 | D:2      | Reached XP level 4. HP: 25/33 MP: 4/4
  1242 | D:2      | Reached skill level 8 in Stealth
  1773 | D:3      | Found an oddly glowing altar of Pakellas.
  1773 | D:3      | Found Pakellas's Prime Provisions.
  1927 | D:3      | Reached XP level 5. HP: 36/38 MP: 5/5
  2130 | D:3      | You fall through a shaft for 2 floors!
  2130 | D:5      | Entered Level 5 of the Dungeon
  2234 | D:5      | Reached skill level 9 in Stealth
  2520 | D:5      | Found a blossoming altar of Fedhas.
  2524 | D:5      | Reached XP level 6. HP: 34/44 MP: 6/6
  2626 | D:5      | Reached skill level 10 in Stealth
  2699 | D:4      | Found a snail-covered altar of Cheibriados.
  2742 | D:4      | Found a staircase to the Ecumenical Temple.
  2747 | Temple   | Entered the Ecumenical Temple
  2824 | Temple   | Became a worshipper of Dithmenos the Shadowed
  3296 | D:2      | Killed Jessica
  3522 | D:4      | Found a stormy altar of Qazlal.
  3525 | D:4      | Noticed an air elemental
  3528 | D:4      | Noticed a water elemental
  3528 | D:4      | Noticed a fire elemental
  3697 | D:4      | Reached skill level 11 in Stealth
  3767 | D:4      | Reached XP level 7. HP: 48/50 MP: 7/7
  4258 | D:6      | Reached skill level 12 in Stealth
  4290 | D:6      | Noticed Edmund
  4293 | D:6      | Killed Edmund
  5064 | D:6      | Reached XP level 8. HP: 36/57 MP: 9/9
  5172 | D:6      | Reached skill level 1 in Spellcasting
  5306 | D:7      | Reached * piety under Dithmenos
  5383 | D:7      | Reached skill level 13 in Stealth
  5852 | D:7      | Reached skill level 5 in Dodging
  6083 | D:7      | Found Miarr's Gadget Shop.
  6449 | D:7      | Identified a -1 rod of shadows (12/12) (You found it on level 7 of the Dungeon)
  6577 | D:8      | Reached XP level 9. HP: 34/63 MP: 12/12
  6630 | D:8      | Found a staircase to the Lair.
  6720 | D:8      | Reached skill level 14 in Stealth
  6795 | D:8      | Reached skill level 5 in Short Blades
  6819 | D:8      | HP: 3/63 [hell hound/blast of flame (18)]
  6823 | D:8      | Killed from afar by a hell hound

Vault maps used:
D:1:      dpeg_arrival_sounds_slurp, serial_corexii_hall,
          corexii_hall_statues_l, corexii_hall_statues_s
D:2:      wad_river_or_something, first_bread, uniq_jessica
D:3:      nrook_mini_vaults, johnstein_pakellas_shop
D:4:      cheibriados_altar_1, temple_statues, nicolae_qazlal_style_of_elements
D:5:      fedhas_altar_2
D:6:      uniq_edmund
D:7:      kennysheep_big_flooded_room, serial_shops, kennysheep_mini, the_bakery
D:8:      kiku_gazebo_pond_becter, minmay_lair_entry_lava
Temple:   grunt_circular_temple_18

Skill      XL: |  1  2  3  4  5  6  7  8  9 |
---------------+----------------------------+-----
Stealth        | 6 7 8 9 11 12 13 14 | 14.1
Fighting       | 2 3 |  3.1
Dodging        | 2 3 4 5 6 |  6.2
Short Blades   | 3 4 5 |  5.0
Spellcasting   | 2 |  2.8
Throwing       | |  1.8

Action                   |  1- 3 |  4- 6 |  7- 9 || total
-------------------------+-------+-------+-------++-------
Melee: Dagger            |    77 |    96 |   229 ||   402
       Unarmed           |     9 |       |       ||     9
 Fire: Blowgun           |     5 |    12 |     2 ||    19
 Abil: End Transformatio |     1 |       |     1 ||     2
       Bat Form          |     1 |       |     1 ||     2
  Use: Scroll            |     5 |       |       ||     5
       Potion            |       |       |     3 ||     3
 Stab: Sleeping          |    12 |    14 |    20 ||    46
       Distracted        |       |     2 |     3 ||     5
  Eat: Corpse            |     4 |     3 |     2 ||     9
